 Dungeon Crawl Stone Soup version 0.31-a0-358-gac0dbeb3ab (webtiles) character file.

Game seed: 1859723574970609404

1549 AdnanSaban the Cudgeller (level 8, 0/51 HPs)
             Began as a Gargoyle Fighter on July 26, 2023.
             Slain by a killer bee (7 damage)
             ... on level 7 of the Dungeon.
             The game lasted 00:07:01 (6331 turns).

AdnanSaban the Cudgeller (Gargoyle Fighter)         Turns: 6331, Time: 00:07:01

Health: 0/51       AC: 22    Str: 36    XL:     8   Next: 87%
Magic:  8/8        EV:  8    Int: 12    God:
Gold:   328        SH:  4    Dex:  9    Spells: 7/7 levels left

rFire   . . .        a - +0 flail
rCold   . . .        c - +0 buckler
rNeg    + . .        o - +0 plate armour
rPois   ∞            n - +1 helmet of Gozag's Brutal Revenge {-Tele rCorr Str+7 Int+4}
rElec   +            (no cloak)
rCorr   +            v - +0 pair of gloves
SInv    .            (no boots)
Will    .....        (no amulet) Stlth
                     f - +6 ring of strength
HPRegen 0.28/turn    (no ring)
MPRegen 0.11/turn

%: no teleportation
@: attractive
A: sickness immunity, AC +5, negative energy resistance 1, electricity
resistance, torment resistance 1, petrification resistance
a: no special abilities


You were on level 7 of the Dungeon.
You visited 2 branches of the dungeon, and saw 8 of its levels.

You collected 328 gold pieces.

Inventory:

Hand Weapons
 a - a +0 flail (weapon)
Missiles
 r - 2 silver boomerangs
 s - 2 poisoned darts (quivered)
Armour
 c - a +0 buckler (worn)
 n - the +1 helmet of Gozag's Brutal Revenge (worn) {-Tele rCorr Str+7 Int+4}
   (You took it off Robin on level 3 of the Dungeon)

   Str:       It affects your strength (+7).
   Int:       It affects your intelligence (+4).
   -Tele:     It prevents most forms of teleportation.
   rCorr:     It protects you from acid and corrosion.
 o - a +0 plate armour (worn)
 v - a +0 pair of gloves (worn)
Jewellery
 f - a +6 ring of strength (left hand)
Scrolls
 e - 3 scrolls of teleportation {unknown}
 j - 7 scrolls of identify {unknown}
 m - a scroll of torment {unknown}
 p - 2 scrolls of enchant armour {unknown}
 q - 2 scrolls of blinking {unknown}
 u - 2 scrolls of revelation {unknown}
 y - 2 scrolls of immolation {unknown}
 A - a scroll of poison {unknown}
Potions
 b - 3 potions of attraction
 d - 3 potions of might
 g - a potion of heal wounds {unknown}
 h - 4 potions of curing {unknown}
 i - a potion of enlightenment {unknown}
 k - a potion of degeneration {unknown}
 l - 2 potions of lignification {unknown}
 t - 2 potions of ambrosia {unknown}
 w - a potion of invisibility {unknown}
 x - a potion of haste {unknown}
 z - a potion of mutation {unknown}


   Skills:
 + Level 5.8 Fighting
 + Level 7.8 Maces & Flails
 + Level 6.3 Armour
 + Level 1.0 Dodging
 + Level 5.0 Shields


You had 7 spell levels left.
You didn't know any spells.
Your spell library contained the following spells:

 Spells                   Type           Power      Damage    Failure   Level
 Apportation              Tloc           0%         N/A       93%         1
 Necrotise                Necr           0%         1d4       93%         1
 Summon Small Mammal      Summ           0%         N/A       93%         1
 Portal Projectile        Hex/Tloc       0%         N/A       100%        3
 Tukima's Dance           Hex            0%         N/A       100%        3
 Cause Fear               Hex            0%         N/A       100%        4
 Dispel Undead            Necr           0%         3d6       100%        4
 Iskenderun's Mystic Bla  Conj/Tloc      0%         2d3       100%        4
 Fireball                 Conj/Fire      0%         3d3       100%        5
 Death Channel            Necr           0%         N/A       100%        6
 Dragon's Call            Summ           0%         N/A       100%        9
 Cigotuvi's Dreadful Rot  Necr/Pois/Air  Unusable   N/A       N/A         2

Dungeon Overview and Level Annotations

Branches:
Dungeon (7/15)             Temple (1/1) D:6

Altars:
Dithmenos
Elyvilon
Fedhas
Gozag
Hepliaklqana
Makhleb
Nemelex Xobeh
Qazlal
Trog
Uskayaw
Vehumet
Wu Jian
Xom
Yredelemnul
Zin
The Shining One

Shops:
D:5 :

Annotations:
D:3 1 runed translucent door, Crazy Yiuf
D:4 3 runed translucent doors, Beaer's ghost, amateur DrCA
Temple 2 transporters


Innate Abilities, Weirdness & Mutations

You are immune to sickness and miasma.
Your stone body is resilient. (AC +5)
You are immune to poison.
You resist negative energy. (rN+)
You are resistant to electric shocks. (rElec)
You are resistant to unholy torment.
You are immune to petrification.


Message History

The killer bee attacks as you move away!
The killer bee stings you but does no damage. x2
The killer bee barely misses you.
The killer bee attacks as you move away!
The killer bee stings you.
* * * LOW HITPOINT WARNING * * *
You block the killer bee's attack. The killer bee closely misses you.
The killer bee attacks as you move away!
The killer bee stings you but does no damage.
The killer bee attacks as you move away!
The killer bee stings you but does no damage. x3
The killer bee stings you.
* * * LOW HITPOINT WARNING * * *
It was a potion of attraction.
You feel attractive to monsters. The killer bee barely misses you.
The killer bee stings you but does no damage.
The shadow slips into darkness.
The shadow flickers and vanishes!
Deactivating autopickup; reactivate with Ctrl-A.
The killer bee stings you but does no damage.
The killer bee completely misses you.
The killer bee stings you but does no damage.
The killer bee barely misses you. The killer bee barely misses you.
You block the killer bee's attack. The killer bee barely misses you.
The killer bee stings you.
* * * LOW HITPOINT WARNING * * *
The killer bee stings you but does no damage.
The killer bee attacks as you move away!
The killer bee stings you but does no damage. x3
Something is attracted toward you. The killer bee is attracted toward you.
The killer bee attacks as you move away!
The killer bee barely misses you. You block the killer bee's attack.
The killer bee barely misses you.
The killer bee attacks as you move away!
The killer bee stings you but does no damage. x2
The killer bee attacks as you move away!
The killer bee stings you!
You die...

#### ###### ###..###
#....## ###......##
####.>...# ##.........##
#.#......##
###...........##
#........###..............#
#........@yy..§...........
##......##y..###.........#
##....###.###≈###......##
#...## ###≈≈≈ ##.....#
##.=.# ≈≈≈≈ ##....# #...##
≈≈≈.. #...## #...#####≈~~##
##..# ##..###8.8.8# #..#
#...#.......+ #.##


You could see 3 killer bees.

Vanquished Creatures
  Grinder (D:3)
  A sky beast (D:6)
  An orc warrior (D:6)
  A black bear (D:4)
  A bullfrog (D:6)
  3 scorpions
  3 wights (D:6)
  2 hounds
  2 orc priests (D:4)
  6 iguanas
  A sleepcap (D:7)
  Natasha (twice) (D:3)
  3 orc wizards
  Robin (D:3)
  11 adders
  A shadow imp (D:6)
  A white imp (D:5)
  2 ufetubi
  2 dart slugs
  23 orcs
  10 endoplasms
  A giant cockroach (D:4)
  11 hobgoblins
  7 jackals
  4 quokkas
  6 ball pythons
  6 bats
  A frilled lizard (D:1)
  14 goblins
  7 kobolds
  3 rats
138 creatures vanquished.

Notes
Turn   | Place    | Note
-------+----------+-------------------------------------------
     0 | D:1      | AdnanSaban the Gargoyle Fighter began the quest for the
                  | Orb.
     0 | D:1      | Reached XP level 1. HP: 14/14 MP: 1/1
   146 | D:1      | Reached XP level 2. HP: 20/20 MP: 2/2
   340 | D:1      | You fall into a shaft and drop 1 floor!
   960 | D:2      | Reached XP level 3. HP: 24/24 MP: 3/3
  1781 | D:3      | Noticed Grinder
  1799 | D:3      | Killed Grinder
  1800 | D:3      | Reached skill level 4 in Maces & Flails
  1800 | D:3      | Reached XP level 4. HP: 12/29 MP: 4/4
  1800 | D:3      | Reached XP level 5. HP: 14/33 MP: 5/5
  1800 | D:3      | Reached XP level 6. HP: 16/38 MP: 6/6
  2003 | D:3      | Noticed Natasha
  2010 | D:3      | Killed Natasha
  2089 | D:3      | Found a runed translucent door.
  2090 | D:3      | Noticed Crazy Yiuf
  2234 | D:3      | Identified the +1 helmet of Gozag's Brutal Revenge {-Tele
                  | rCorr Str+7 Int+4}
  2234 | D:3      | Noticed Robin
  2344 | D:3      | Killed Robin
  2520 | D:3      | Found a glowing golden altar of the Shining One.
  2531 | D:3      | Reached skill level 5 in Armour
  2674 | D:3      | Found a blossoming altar of Fedhas.
  2937 | D:3      | Noticed Natasha
  2940 | D:3      | Killed Natasha
  3202 | D:4      | Reached XP level 7. HP: 7/44 MP: 7/7
  3371 | D:4      | Reached skill level 5 in Maces & Flails
  3609 | D:4      | Identified the +9 sling of Understanding {speed, Will+}
  3789 | D:4      | Found a runed translucent gate.
  3789 | D:4      | Found a runed translucent gate.
  3789 | D:4      | Found a runed translucent gate.
  3794 | D:4      | Noticed Beaer's ghost (amateur DrCA)
  4064 | D:5      | Entered Level 5 of the Dungeon
  4257 | D:5      | Reached skill level 6 in Maces & Flails
  4381 | D:5      | Found an opulent altar of Gozag.
  4440 | D:5      | Reached skill level 1 in Dodging
  4484 | D:5      | Found Xeoll's Book Boutique.
  4546 | D:4      | Reached skill level 5 in Fighting
  4546 | D:4      | Reached XP level 8. HP: 15/49 MP: 8/8
  5137 | D:6      | Found a staircase to the Ecumenical Temple.
  5271 | Temple   | Found a transporter.
  5271 | Temple   | Found a transporter.
  5271 | Temple   | Found a transporter.
  5271 | Temple   | Found a transporter.
  5271 | Temple   | Entered the Ecumenical Temple
  5604 | D:6      | Reached skill level 7 in Maces & Flails
  6203 | D:7      | Identified the ring of the Dozen Geomancers {Drain +Blink
                  | rElec rC+++ rCorr Int-4}
  6271 | D:7      | Noticed a shadow
  6278 | D:7      | Reached skill level 5 in Shields
  6331 | D:7      | Slain by a killer bee

Illustrated notes

Levels and vault maps discovered:
D:1:      sevenhm_arrival_forest_fort_small_3, layout_loops_ring, minmay_tripent
D:2:      layout_basic
D:3:      layout_basic, mainiacjoe_overflow_alcove_4,
          mainiacjoe_overflow_chevrons, uniq_grinder, uniq_crazy_yiuf_cottage,
          uniq_robin, uniq_natasha
D:4:      layout_loops_ring, gammafunk_ghost_necromancy
D:5:      layout_basic, grunt_gozag_statues, serial_shops, shop
D:6:      layout_basic, minmay_temple_entry_drinking_statues
D:7:      minmay_the_grid_octo_tiled_squarecenter [minmay_the_grid_octo_teeth,
          minmay_the_grid_octo_pinwheel, minmay_the_grid_octo_chip,
          minmay_the_grid_octo_focus, minmay_the_grid_square_5x5_megaprize_open,
          minmay_the_grid_square_5x5_checkered_sparse,
          minmay_the_grid_square_5x5_three_walls,
          minmay_the_grid_square_5x5_tetrominoes,
          minmay_the_grid_square_5x5_forky], layout_cave_pods,
          kennysheep_orc_sif_temple, lemuel_coloured_pillars_altar,
          serial_shops, shop, minmay_three_doors, uniq_pikel
Temple:   hellmonk_temple_divided_pantheon

Skill      XL: |  1  2  3  4  5  6  7  8 |
---------------+-------------------------+-----
Fighting       | 4 5 |  5.8
Maces & Flails | 4 6 7 |  7.8
Armour         | 4 5 6 |  6.3
Shields        | 4 5 |  5.0
Dodging        | 1 |  1.0

Action                     |  1- 3 |  4- 6 |  7- 9 || total
---------------------------+-------+-------+-------++-------
  Melee: Flail             |   106 |   171 |   268 ||   545
  Throw: Dart              |       |       |     2 ||     2
    Use: Potion            |       |       |     1 ||     1
 Armour: Scale mail        |    43 |       |       ||    43
         Plate armour      |    21 |   141 |   239 ||   401
  Dodge: Dodged            |    63 |    61 |   150 ||   274
  Block: Buckler           |    19 |    42 |    79 ||   140

Table legend: (Time is in decaauts)
 A = Elapsed time spent in this place.
 B = Non-inter-level travel time spent in this place.
 C = Inter-level travel time spent in this place.
 D = Time resting spent in this place.
 E = Time spent auto-exploring this place.
 F = Levels seen in this place.
 G = Mean time per level.
                   A        B        C        D        E       F      G
               +--------+--------+--------+--------+--------+-----+--------+
         Total |   6433 |   6187 |    246 |    466 |   4485 |   8 |  804.1 |
       Dungeon |   6415 |   6177 |    238 |    466 |   4485 |   7 |  916.4 |
        Temple |     17 |      9 |      8 |      0 |      0 |   1 |   17.0 |
               +--------+--------+--------+--------+--------+-----+--------+

Top non-repeatable levels by time:
     D:3: 1291 daAuts
     D:4: 1245 daAuts
     D:6: 1045 daAuts
     D:2: 929 daAuts
     D:1: 892 daAuts
     D:5: 849 daAuts
     D:7: 161 daAuts
  Temple: 17 daAuts
